 Dungeon Crawl Stone Soup version 0.25.1-2-g60ff931df9 (webtiles) character file.

Game seed: 5765917480965431668

154 Ch1lls the Chopper (level 5, -15/47 HPs)
             Began as a Hill Orc Berserker on Aug 3, 2020.
             Was a Believer of Trog.
             Demolished by an ogre
             ... wielding a +0 giant club
              (25 damage)
             ... on level 4 of the Dungeon.
             The game lasted 00:17:09 (2348 turns).

Ch1lls the Chopper (Hill Orc Berserker)             Turns: 2348, Time: 00:17:10

Health: -15/47     AC:  9    Str: 21    XL:     5   Next: 36%
Magic:  5/5        EV:  7    Int:  7    God:    Trog [**....]
Gold:   118        SH:  3    Dex: 10    Spells: 4/4 levels left

rFire    . . .     SeeInvis .   e - +2 spear (vamp)
rCold    . . .     Gourm    .   l - +0 buckler
rNeg     . . .     Faith    .   h - +0 chain mail
rPois    .         Spirit   .   (no helmet)
rElec    .         Reflect  .   (no cloak)
rCorr    .         Harm     .   (no gloves)
MR       .....                  (no boots)
Stlth    ..........             (no amulet)
HPRegen  0.15/turn              (no ring)
MPRegen  0.09/turn              (no ring)

@: no status effects
A: no striking features
a: Berserk, Trog's Hand, Renounce Religion


You were on level 4 of the Dungeon.
You worshipped Trog.
Trog was pleased with you.
You were not hungry.

You visited 1 branch of the dungeon, and saw 4 of its levels.

You collected 118 gold pieces.

Inventory:

Hand Weapons
 a - a +0 hand axe
 e - a +2 vampiric spear (weapon)
Armour
 b - a +0 animal skin
 h - a +0 chain mail (worn)
 l - a +0 buckler (worn)
Jewellery
 p - an uncursed ring of positive energy {unknown}
Scrolls
 g - 6 scrolls of identify {unknown}
 i - 2 scrolls of remove curse {unknown}
 m - a scroll of fear {unknown}
 o - a scroll of magic mapping {unknown}
Potions
 d - a potion of resistance {unknown}
 f - 2 potions of degeneration {unknown}
 j - 2 potions of lignification {unknown}
 n - a potion of flight {unknown}
 q - a potion of stabbing {unknown}
Comestibles
 c - 8 rations


   Skills:
 + Level 4.7 Fighting
 + Level 4.7(5.2) Axes
 + Level 2.7(3.7) Polearms
 + Level 3.1 Armour
 + Level 2.0 Dodging


You had 4 spell levels left.
You didn't know any spells.
Your spell library was empty.

Dungeon Overview and Level Annotations

Branches:
Dungeon (4/15)
 Temple: D:4-7

Altars:
Cheibriados

Shops:
D:4 [


Message History

The ogre barely misses you.
You hit the ogre.
The ogre is heavily wounded.
You hit the ogre.
The ogre is severely wounded.
The ogre hits you with a +0 giant club!
You hit the ogre but do no damage.
The ogre is severely wounded.
The ogre closely misses you.
You hit the ogre.
The ogre is severely wounded.
The ogre hits you with a +0 giant club!!
* * * LOW HITPOINT WARNING * * *
You hit the ogre.
The ogre is almost dead.
You closely miss the ogre.
The ogre is almost dead.
The ogre hits you with a +0 giant club!!
Ouch! That really hurt!
You die...

+....#
#....#
#######....#
...........#
...........#
.......(...#
...........#
.........O.#
.......##@##
.......#.∩#
.......#..#
.......#..#
>......+..#
.... #..#
#..# ...#
...#


You could see an ogre.

Vanquished Creatures
  An orc wizard (D:3)
  A worker ant (D:3)
  5 adders
  A worm (D:2)
  2 dart slugs (D:1)
  2 leopard geckos (D:3)
  4 orcs (D:3)
  A ball python (D:3)
  4 giant cockroaches
  5 goblins
  4 hobgoblins
  4 jackals (D:1)
  5 kobolds
  A quokka (D:3)
  2 bats
  5 frilled lizards
  A jackal skeleton (D:4)
  3 rats
51 creatures vanquished.

Notes
Turn   | Place    | Note
-------+----------+-------------------------------------------
     0 | D:1      | Ch1lls the Hill Orc Berserker began the quest for the Orb.
     0 | D:1      | Reached XP level 1. HP: 19/19 MP: 1/1
   179 | D:1      | Reached XP level 2. HP: 17/27 MP: 2/2
   684 | D:2      | Reached ** piety under Trog
   684 | D:2      | Reached XP level 3. HP: 30/33 MP: 3/3
  1092 | D:2      | Reached skill level 1 in Polearms
  1246 | D:2      | Reached XP level 4. HP: 39/41 MP: 4/4
  1803 | D:3      | Reached XP level 5. HP: 43/47 MP: 5/5
  1912 | D:3      | Found a snail-covered altar of Cheibriados.
  2314 | D:4      | Noticed an ogre
  2335 | D:4      | Found Juakliem's Armour Boutique.
  2348 | D:4      | Demolished by an ogre

Illustrated notes

Levels and vault maps discovered:
D:1:      saegor_arrival_simple_b, layout_basic
D:2:      layout_basic
D:3:      layout_basic, cheibriados_altar_1
D:4:      layout_gridville, kennysheep_mini, grunt_temple_overflow_open,
          minmay_temple_entry_wispy, portal_sewer_entry_b, first_ration,
          serial_shops, shop, uniq_sigmund

Skill      XL: |  1  2  3  4  5 |
---------------+----------------+-----
Fighting       | 4 |  4.7
Dodging        | 2 |  2.0
Polearms       | 1 2 |  2.7
Armour         | 3 |  3.1
Axes           | |  4.7

Action                   |  1- 3 |  4- 6 || total
-------------------------+-------+-------++-------
Melee: Hand axe          |    16 |       ||    16
       Spear             |   113 |    94 ||   207
  Eat: Ration            |       |     1 ||     1
       Chunk             |       |     1 ||     1
Armor: Animal skin       |    10 |       ||    10
       Chain mail        |    43 |    63 ||   106
Dodge: Dodged            |    45 |    29 ||    74
Block: Buckler           |     4 |    15 ||    19
